 Dungeon Crawl Stone Soup version 0.29.1-15-g9cfb28693d (webtiles) character file.

Game seed: 9867439361771167891

19611 bwicke the Nimble (level 13, 94/96 HPs)
             Began as a Djinni Fire Elementalist on Oct 25, 2022.
             Was a Follower of Ru.
             Quit the game on level 2 of the Lair of Beasts on Dec 18, 2023.
             The game lasted 01:16:25 (14654 turns).

bwicke the Nimble (Djinni Fire Elementalist)       Turns: 14654, Time: 01:16:26

Health: 94/96      AC:  9    Str:  7    XL:     13   Next: 6%
Gold:   857        EV: 19    Int: 25    God:    Ru [*.....] SH:  0 Dex: 15

rFire   + + .      SeeInvis .   w - +8 rapier of Ignis's Benevolence {venom, *Slow rC++ Stlth+}
rCold   + . .      Faith    .   (no shield)
rNeg    + + .      Spirit   .   Q - +1 troll leather armour {Snorg}
rPois   ∞          Reflect  .   l - +2 helmet
rElec   .          Harm     .   n - scarf {repulsion}
rCorr   +          Rampage  .   h - +0 pair of gloves {infuse}
Will    +....                   (boots unavailable)
Stlth   ..........              (no amulet)
HPRegen 1.06/turn               r - ring "Huhaup Wech" {*Slow rCorr EV+4 Int+4}
MPRegen 0.00/turn               x - ring "Osseamep" {rN++ EV+4 Slay+2}

@: flying, repel missiles
A: sickness immunity, fire resistance 2, cold vulnerability 1, no stealth,
reduced EV 1, float, innate caster, HP casting, extra vitality 1
a: Renounce Religion


You were on level 2 of the Lair of Beasts.
You worshipped Ru.
Ru was aware of your devotion.
You visited 3 branches of the dungeon, and saw 14 of its levels.
You also visited: Bailey.

You collected 857 gold pieces.

Inventory:

Hand Weapons
 a - a +3 shortbow
 d - a +2 trident of freezing
 q - the +5 scythe "Finisher" {speed, eviscerate}
   (You found it on level 7 of the Dungeon)

   Attacks with this weapon are significantly faster.
   It may eviscerate those it strikes, slaying them instantly, with a decreasing
   chance against stronger foes.
 w - the +8 rapier of Ignis's Benevolence (weapon) {venom, *Slow rC++ Stlth+}
   (You found it on level 3 of the Dungeon)

   It poisons the flesh of those it strikes.
   rC:        It greatly protects you from cold.
   *Slow:     It may slow you when you take damage.
   Stlth:     It makes you more stealthy.
 C - the +2 sling of Judgement {flame, rPois Will+ Stlth-}
   (You found it on level 8 of the Dungeon)

   Any ammunition fired from it burns those it strikes, dealing additional fire
   damage.
   rPois:     It protects you from poison.
   Will:      It increases your willpower.
   Stlth:     It makes you less stealthy.
 D - a +3 hand axe of electrocution
 G - a +2 great sword of freezing
 K - a +2 dagger of speed
 N - the +8 dagger of Tenacity {vorpal, rElec}
   (You took it off a spriggan in a bailey)

   It inflicts extra damage upon your enemies.
   rElec:     It insulates you from electricity.
Missiles
 i - 6 javelins
 B - 37 poisoned darts
 E - 6 curare-tipped darts
 P - a throwing net
Armour
 h - a +0 pair of gloves of infusion (worn)
 l - a +2 helmet (worn)
 n - a scarf of repulsion (worn)
 o - a +2 robe of cold resistance
 z - a +0 cloak
 F - a +2 robe of fire resistance
 Q - a +1 troll leather armour (worn) {Snorg}
Magical Staves
 b - a staff of poison
Jewellery
 c - a ring of positive energy
 p - a +6 ring of dexterity
 r - the ring "Huhaup Wech" (left hand) {*Slow rCorr EV+4 Int+4}
   (You found it on level 2 of the Dungeon)

   [ring of evasion]

   EV:        It affects your evasion (+4).
   Int:       It affects your intelligence (+4).
   rCorr:     It protects you from acid and corrosion.
   *Slow:     It may slow you when you take damage.
 u - a ring of protection from cold
 x - the ring "Osseamep" (right hand) {rN++ EV+4 Slay+2}
   (You found it on level 3 of the Dungeon)

   [ring of evasion]

   EV:        It affects your evasion (+4).
   Slay:      It affects your accuracy & damage with ranged weapons and melee
   (+2).
   rN:        It greatly protects you from negative energy.
 I - a +6 ring of strength
 J - a ring of resist corrosion
Wands
 e - a wand of flame (45)
 t - a wand of quicksilver (5)
 A - a wand of paralysis (15)
Scrolls
 k - a scroll of poison {unknown}
 m - 6 scrolls of teleportation
 y - a scroll of silence
 L - a scroll of blinking
 M - a scroll of fear
 O - a scroll of magic mapping
Potions
 f - 2 potions of heal wounds
 g - 9 potions of curing
 j - 4 potions of might
 s - a potion of lignification
 v - 3 potions of haste
 H - 3 potions of magic {unknown}


   Skills:
 - Level 10.0 Fighting
 - Level 7.2 Short Blades
 - Level 11.0 Dodging
 + Level 10.5 Spellcasting


You couldn't memorise any spells.
You knew the following spells:

 Your Spells              Type           Power      Damage    Failure   Level
a - Foxfire               Conj/Fire      100%       2x1d9     1%          1
b - Scorch                Fire           100%       2d10      1%          2
c - Conjure Flame         Conj/Fire      60%        6-21      1%          3
d - Inner Flame           Hex/Fire       60%        N/A       1%          3
e - Flame Wave            Conj/Fire      60%        2d14      1%          4
f - Summon Small Mammal   Summ           100%       N/A       1%          1
g - Wereblood             Tmut           60%        N/A       1%          2
h - Ozocubu's Armour      Ice            60%        N/A       1%          3
i - Summon Lightning Spi  Summ/Air       60%        N/A       1%          4
j - Borgnjor's Vile Clut  Necr/Erth      30%        N/A       2%          5
k - Lightning Bolt        Conj/Air       30%        1d47      2%          5
Your spell library was empty.

Dungeon Overview and Level Annotations

Branches:
Dungeon (10/15)            Temple (1/1) D:6            Lair (3/5) D:9
  Swamp (0/4) Lair:2        Snake (0/4) Lair:2          Orc (0/2) D:10
 Bailey (visited)

Altars:
Ashenzari
Cheibriados
Dithmenos
Elyvilon
Fedhas
Hepliaklqana
Makhleb
Okawaru
Qazlal
Ru
Trog
Uskayaw
Wu Jian
Yredelemnul
Zin
The Shining One

Shops:
D:1 =

Annotations:
D:5 3 runed translucent doors, Icepheonix32's ghost, novice MiFi; lotum's ghost, amateur DgCj; safid's ghost, amateur MiHu
Lair:1 3 runed translucent doors, hawla's ghost, journeyman MeFE


Innate Abilities, Weirdness & Mutations

You are immune to sickness and miasma.
You are immune to poison.
Your flesh is very heat resistant. (rF++)
You are vulnerable to cold. (rC-)
You cannot be stealthy.
You have somewhat slow reflexes. (EV -5)
You float through the air rather than walking.
You learn spells naturally, not from books.
Your magical power is your life essence.
You have superior vitality. (+4 MHP)


Message History

A death yak comes into view.
You fly upwards.
There is a stone staircase leading down here.
You start resting.
Ru believes you are ready to make a new sacrifice.
Okay, then.
Saving game... please wait.
Welcome back, bwicke the Djinni Fire Elementalist.
Ru says: Cut away your false body!
Press ? for a list of commands and other information.
Saving game... please wait.
Welcome back, bwicke the Djinni Fire Elementalist.
Ru says: Cut away your false body!
Press ? for a list of commands and other information.
Welcome back, bwicke the Djinni Fire Elementalist.
Ru says: Cut away your false body!
Press ? for a list of commands and other information.
Unknown command.
Unknown command.
Okay, then.
Ru asks you to sacrifice your ability to go unnoticed.
This is a modest sacrifice.
Piety after sacrifice: *.....
Do you really want to make this sacrifice?
You can no longer be stealthy.
Your Stealth skill decreases to level 0!
Unknown command.
Saving game... please wait.
Welcome back, bwicke the Djinni Fire Elementalist.
Ru says: Cut away your false body!
Press ? for a list of commands and other information.
Welcome back, bwicke the Djinni Fire Elementalist.
Ru says: Cut away your false body!
Press ? for a list of commands and other information.
Welcome back, bwicke the Djinni Fire Elementalist.
Ru says: Cut away your false body!
Press ? for a list of commands and other information.
You need no library to learn spells.
Unknown command.
Unknown command.
Are you sure you want to abandon this character and quit the game? (Confirm with "yes".)

#.#### #.## ##P......#
##..#.#####..####....P.###
#.......#...........####
##.................##
##.........P...####
####....#.>..## ###
####.#.....####.##
######....P#....##
##..###.@.........###
######.......###...##....##
#...#...##...# ########...# #
####..#####.### #.#.# ##
###...##...#.# ##.#####. ##
##....###....## #####........
.###.....####....####..##.....#..
........>.####.##.......##...##..
...........###..#...######..#....


There were no monsters in sight!

Vanquished Creatures
  Snorg (Lair:2)
  2 hydras (Lair:2)
  A two-headed ogre (Bailey)
  A skeletal warrior (D:7)
  A cyclops (D:9)
  3 black mambas (Lair:2)
  4 cane toads
  A kobold demonologist (D:9)
  Maggie (D:6)
  3 blink frogs (Lair:2)
  Grinder (D:6)
  5 spriggans (Bailey)
  6 yaks
  A steam dragon (D:7)
  3 wraiths (D:7)
  2 wyverns
  Eustachio (D:6)
  An acid dragon (D:8)
  14 water moccasins
  An ice beast (D:7)
  2 orc warriors
  3 sky beasts
  3 black bears
  11 ogres
  3 wolves (Lair:3)
  7 centaurs
  2 kobold brigands
  3 bullfrogs
  2 necrophages (D:6)
  3 scorpions
  A gnoll sergeant (D:7)
  6 wights
  4 jellies (D:6)
  5 killer bees (D:8)
  2 howler monkeys
  4 electric eels (Lair:2)
  7 hounds
  An orc priest (D:4)
  Crazy Yiuf (D:4)
  2 gnoll boudas (D:7)
  Natasha (thrice) (D:2)
  An iguana (D:5)
  8 orc wizards
  5 gnolls (D:7)
  5 adders
  A shadow imp (D:6)
  2 white imps
  3 ufetubi
  2 worms
  4 dart slugs
  28 orcs
  3 bats (D:1)
  5 endoplasms
  3 giant cockroaches (D:4)
  9 goblins
  5 hobgoblins
  6 jackals
  6 kobolds
  4 quokkas
  3 ball pythons
  A frilled lizard (D:1)
  5 rats
  A butterfly (D:6)
238 creatures vanquished.

Vanquished Creatures (collateral kills)
  A torpor snail (Lair:2)
  2 blink frogs (Lair:2)
  A wyvern (D:8)
  5 yaks
  The ghost of Homeless the Shield-Bearer, an amateur HuFi (D:4)
  A steam dragon (Bailey)
  4 vampire mosquitoes (D:8)
  An acid dragon (D:6)
  2 water moccasins
  4 ogres (Bailey)
  A wolf (Lair:2)
  A centaur (D:7)
  A kobold brigand (D:9)
  2 phantoms (D:6)
  A bullfrog (D:8)
  A gnoll sergeant (D:7)
  3 killer bees (D:8)
  A jelly (D:6)
  2 orc priests (D:6)
  An iguana (D:6)
  2 orc wizards (D:6)
  A statue (D:8)
  A gnoll (D:7)
  A white imp (D:8)
  7 orcs
  2 goblins (D:9)
  5 hobgoblins (D:7)
  10 kobolds
  A goblin skeleton (D:10)
  An orc zombie (D:10)
67 creatures vanquished.

Vanquished Creatures (others)
  A shadow imp (D:7)
  197 foxfires
  9 fungi (Lair:2)
  46 plants
  4 withered plants (D:5)
257 creatures vanquished.

Grand Total: 562 creatures vanquished

Notes
Turn   | Place    | Note
-------+----------+-------------------------------------------
     0 | D:1      | bwicke the Djinni Fire Elementalist began the quest for the
                  | Orb.
     0 | D:1      | bwicke set off with the following spells memorised:
                  | Foxfire, Scorch, Conjure Flame, Inner Flame, Flame Wave.
     0 | D:1      | Reached XP level 1. HP: 15/15 MP: 0/0
   259 | D:1      | Reached XP level 2. HP: 19/21 MP: 0/0
   538 | D:1      | Found Quxtilel's Jewellery Shoppe.
   607 | D:1      | Found a faded altar of an unknown god.
  1010 | D:2      | Reached XP level 3. HP: 23/25 MP: 0/0
  1010 | D:2      | Learned a level 1 spell: Summon Small Mammal
  1080 | D:2      | Noticed Natasha
  1086 | D:2      | Killed Natasha
  1087 | D:2      | Reached XP level 4. HP: 22/31 MP: 0/0
  1524 | D:2      | Noticed Natasha
  1527 | D:2      | Killed Natasha
  1528 | D:2      | Reached XP level 5. HP: 29/35 MP: 0/0
  1528 | D:2      | Learned a level 2 spell: Wereblood
  1759 | D:2      | Identified the ring "Huhaup Wech" {*Slow rCorr EV+4 Int+4}
  1873 | D:2      | Noticed Natasha
  1877 | D:2      | Killed Natasha
  2450 | D:3      | Identified the +8 rapier of Ignis's Benevolence {venom,
                  | *Slow rC++ Stlth+}
  2467 | D:3      | Identified the ring "Osseamep" {rN++ EV+4 Slay+2}
  2687 | D:4      | Reached skill level 1 in Fighting
  2687 | D:4      | Reached XP level 6. HP: 13/42 MP: 0/0
  3138 | D:4      | Found a runed translucent door.
  3139 | D:4      | Noticed Crazy Yiuf
  3145 | D:4      | Killed Crazy Yiuf
  3242 | D:4      | Found a runed translucent gate.
  3242 | D:4      | Found a runed translucent gate.
  3242 | D:4      | Found a runed translucent gate.
  3242 | D:4      | Noticed Homeless's ghost (amateur HuFi)
  3263 | D:4      | Killed Homeless's ghost
  3264 | D:4      | Reached XP level 7. HP: 21/51 MP: 0/0
  3264 | D:4      | Learned a level 3 spell: Ozocubu's Armour
  3675 | D:4      | Reached skill level 5 in Fighting
  3977 | D:5      | Entered Level 5 of the Dungeon
  4301 | D:5      | Found a runed translucent gate.
  4301 | D:5      | Found a runed translucent gate.
  4301 | D:5      | Found a runed translucent gate.
  4302 | D:5      | Noticed lotum's ghost (amateur DgCj)
  4303 | D:5      | Noticed Icepheonix32's ghost (novice MiFi)
  4303 | D:5      | Noticed safid's ghost (amateur MiHu)
  4402 | D:5      | Reached XP level 8. HP: 57/62 MP: 0/0
  4602 | D:5      | Found a glowing silver altar of Zin.
  4989 | D:6      | Found a staircase to the Ecumenical Temple.
  4998 | Temple   | Entered the Ecumenical Temple
  5313 | Temple   | Became a worshipper of Elyvilon the Healer
  5359 | D:6      | Noticed Eustachio
  5362 | D:6      | Killed Eustachio
  5411 | D:6      | Reached skill level 5 in Spellcasting
  5562 | D:6      | Reached XP level 9. HP: 67/70 MP: 0/0
  5562 | D:6      | Learned a level 4 spell: Summon Lightning Spire
  5740 | D:6      | Noticed Maggie
  5751 | D:6      | Killed Maggie
  5887 | D:6      | Noticed Grinder
  5912 | D:6      | Killed Grinder
  6091 | D:6      | Reached * piety under Elyvilon
  6245 | D:6      | Found a snail-covered altar of Cheibriados.
  6540 | D:6      | Reached XP level 10. HP: 64/76 MP: 0/0
  6760 | D:7      | Was placed under penance by Elyvilon
  6786 | D:7      | Elyvilon protects you from harm!
  6913 | D:7      | Noticed a skeletal warrior
  6921 | D:7      | Killed a skeletal warrior
  7384 | D:7      | Reached skill level 10 in Spellcasting
  8209 | D:7      | Identified the +0 chain mail "Demaifekeo" {rF- Str+6 Dex+2
                  | Stlth+}
  8283 | D:7      | Found the +5 scythe "Finisher" {speed, eviscerate}
  8779 | D:8      | Identified the +2 sling of Judgement {flame, rPois Will+
                  | Stlth-}
  8886 | D:8      | Reached XP level 11. HP: 80/82 MP: 0/0
  8886 | D:8      | Learned a level 5 spell: Borgnjor's Vile Clutch
  8956 | D:8      | Was forgiven by Elyvilon
  9149 | Temple   | Fell from the grace of Elyvilon
  9149 | Temple   | Became a worshipper of Ru the Awakened
  9423 | D:8      | Reached skill level 10 in Fighting
  9505 | D:8      | Reached skill level 1 in Short Blades
 10016 | D:9      | Found a staircase to the Lair.
 10121 | D:9      | Noticed a cyclops
 10128 | D:9      | Killed a cyclops
 10196 | D:9      | Found a flagged portal.
 10203 | Bailey   | Entered a bailey
 10515 | Bailey   | Reached skill level 5 in Short Blades
 10569 | Bailey   | Noticed a two-headed ogre
 10584 | Bailey   | Killed a two-headed ogre
 10727 | Bailey   | Identified the +8 dagger of Tenacity {vorpal, rElec}
 11229 | D:9      | Reached XP level 12. HP: 90/91 MP: 0/0
 11484 | D:10     | Entered Level 10 of the Dungeon
 11484 | D:10     | Found a staircase to the Orcish Mines.
 11551 | D:9      | Gained mutation: You have somewhat slow reflexes. (EV -5)
                  | [Ru sacrifice]
 11551 | D:9      | Reached * piety under Ru
 11590 | Lair:1   | Entered Level 1 of the Lair of Beasts
 11613 | Lair:1   | Reached skill level 3 in Dodging
 11815 | Lair:1   | Found a runed translucent gate.
 11815 | Lair:1   | Found a runed translucent gate.
 11815 | Lair:1   | Found a runed translucent gate.
 11817 | Lair:1   | Noticed hawla's ghost (journeyman MeFE)
 12030 | Lair:1   | Reached skill level 4 in Dodging
 12337 | Lair:2   | Reached skill level 5 in Dodging
 12341 | Lair:2   | Reached skill level 6 in Dodging
 12355 | Lair:2   | Reached skill level 7 in Dodging
 12853 | Lair:2   | Found a staircase to the Snake Pit.
 12869 | Lair:2   | Reached skill level 8 in Dodging
 13194 | Lair:2   | Noticed a five-headed hydra
 13201 | Lair:2   | Killed a five-headed hydra
 13226 | Lair:2   | Reached skill level 9 in Dodging
 13609 | Lair:2   | Reached skill level 10 in Dodging
 13938 | Lair:2   | Found a staircase to the Swamp.
 14137 | Lair:2   | Noticed a seven-headed hydra
 14147 | Lair:2   | Killed a seven-headed hydra
 14398 | Lair:3   | Noticed Snorg
 14409 | Lair:2   | Killed Snorg
 14410 | Lair:2   | Reached skill level 11 in Dodging
 14410 | Lair:2   | Reached XP level 13. HP: 72/96 MP: 0/0
 14410 | Lair:2   | Learned a level 5 spell: Lightning Bolt
 14641 | Lair:2   | Upgraded the game from 0.29.1-2-gbd0b4ee654 to
                  | 0.29.1-4-g47bece8355
 14641 | Lair:2   | Upgraded the game from 0.29.1-4-g47bece8355 to
                  | 0.29.1-13-g9f3cf754e1
 14653 | Lair:2   | Gained mutation: You cannot be stealthy. [Ru sacrifice]
 14654 | Lair:2   | Upgraded the game from 0.29.1-13-g9f3cf754e1 to
                  | 0.29.1-15-g9cfb28693d
 14654 | Lair:2   | Quit the game

Illustrated notes

Levels and vault maps discovered:
D:1:      ncdulo_watergridlock, layout_basic, serial_shops, shop,
          shapermc_ecumenical_altar_totnotflames
D:2:      layout_basic, kennysheep_big_empty_room, uniq_natasha
D:3:      layout_rooms
D:4:      layout_basic, ebering_ghost_rock_garden, serial_glass,
          glass_columns_a, glass_columns_a, uniq_crazy_yiuf_cottage
D:5:      layout_basic, lemuel_round_altar, gammafunk_ghost_cemetery,
          roderic_lattice_a
D:6:      cheibrodos_barr_body, layout_gridville, cheibrodos_worm_habitat,
          minmay_temple_entry_butterflies, uniq_eustachio, uniq_maggie,
          uniq_grinder
D:7:      kennysheep_housing_project, layout_loops_ring, solitary_fountain,
          minmay_guarded_unrand_finisher
D:8:      layout_basic, vehumet_statue, nrook_campfire,
          kennysheep_opposing_triangles
D:9:      hellmonk_crumbling_castle, layout_loops_ring, enter_bailey_3
D:10:     layout_irregular_city, grunt_temple_overflow_opulence,
          kennysheep_mini, zombieorc2_lemuel, kennysheep_just_a_vault
Temple:   nicolae_temple_slightly_damp_pantheon
Lair:1:   layout_gridlike, ebering_ghost_rock_garden
Lair:2:   layout_cave_pods, minmay_swamp_entry_eels,
          minmay_snake_entry_six_corridors, serial_bayou_lake_a
Lair:3:   onia_ninara_swampy_vault, layout_loops_ring,
          grunt_forest_small_clearing_treed, uniq_snorg

Skill      XL: |  1  2  3  4  5  6  7  8  9 10 11 12 13 |
---------------+----------------------------------------+-----
Spellcasting   | 3 4 5 8 10 | 10.5
Fighting       | 1 3 6 8 10 | 10.0
Short Blades   | 7 |  7.2
Dodging        | 11 | 11.0
Stealth        | 0 |  0.0

Action                   |  1- 3 |  4- 6 |  7- 9 | 10-12 | 13-15 || total
-------------------------+-------+-------+-------+-------+-------++-------
Melee: Dagger            |     5 |     4 |       |       |       ||     9
       Quarterstaff      |       |     6 |       |       |       ||     6
       Rapier            |       |    10 |    89 |   137 |     3 ||   239
       Punch             |       |       |     4 |     3 |       ||     7
 Fire: Shortbow          |       |       |       |    12 |       ||    12
 Cast: Foxfire           |    22 |    34 |    32 |    30 |       ||   118
       Scorch            |     1 |    14 |    24 |    77 |     1 ||   117
       Inner Flame       |     1 |     1 |     6 |    23 |       ||    31
       Summon Small Mamm |       |     2 |       |     1 |       ||     3
       Ozocubu's Armour  |       |       |     3 |     3 |       ||     6
       Summon Lightning  |       |       |     9 |    33 |     1 ||    43
       Flame Wave        |       |       |       |     4 |     1 ||     5
       Conjure Flame     |       |       |       |     1 |       ||     1
       Borgnjor's Vile C |       |       |       |     7 |       ||     7
       Wereblood         |       |       |       |     1 |       ||     1
Invok: Sacrifice Health  |       |       |       |     1 |       ||     1
       Sacrifice Stealth |       |       |       |       |     1 ||     1
Evoke: Wand              |       |       |       |    10 |       ||    10
  Use: Scroll            |       |     1 |     6 |    17 |       ||    24
       Potion            |       |       |       |     6 |       ||     6
 Stab: Sleeping          |     1 |     1 |     6 |     6 |       ||    14
       Distracted        |       |     1 |       |     1 |       ||     2
       Invisible         |       |       |       |     1 |       ||     1
Armor: Robe              |     1 |     3 |    10 |    36 |       ||    50
       Steam dragon scal |       |       |    19 |    19 |       ||    38
       Troll leather arm |       |       |       |       |     4 ||     4
Dodge: Dodged            |     2 |    24 |   126 |   240 |    15 ||   407
       Repelled          |       |       |       |     5 |       ||     5
